 Dungeon Crawl Stone Soup version 0.26-a0-639-g72c4674329 (webtiles) character file.

Game seed: 214641036733294235

311 Peloso the Slasher (level 6, -1/47 HPs)
             Began as a Demonspawn Fighter on Sept 18, 2020.
             Slain by a gnoll
             ... wielding a +0 halberd
              (4 damage)
             ... on level 3 of the Dungeon.
             The game lasted 00:04:50 (3055 turns).

Peloso the Slasher (Demonspawn Fighter)             Turns: 3055, Time: 00:04:50

Health: -1/47      AC:  7    Str: 18    XL:     6   Next: 18%
Magic:  6/6        EV:  7    Int: 10    God:
Gold:   107        SH:  9    Dex: 12    Spells: 5/5 levels left

rFire    + . .     SeeInvis .   a - +0 long sword
rCold    x . .     Faith    .   c - +0 kite shield
rNeg     . . .     Spirit   .   h - +0 scale mail
rPois    .         Reflect  .   (no helmet)
rElec    .         Harm     .   (no cloak)
rCorr    .         Rampage  .   (no gloves)
MR       .....                  (no boots)
Stlth    ..........             (no amulet)
HPRegen  0.15/turn              e - ring of fire
MPRegen  0.10/turn              (no ring)

@: no status effects
A: claws 1, demonic guardian 1, powered by pain 2
a: no special abilities


You were on level 3 of the Dungeon.
You visited 1 branch of the dungeon, and saw 3 of its levels.

You collected 107 gold pieces.

Inventory:

Hand Weapons
 a - a +0 long sword (weapon)
 b - a +0 hand axe of flaming
Armour
 c - a +0 kite shield (worn)
 h - a +0 scale mail (worn)
Jewellery
 e - a ring of fire (left claw)
Wands
 d - a wand of flame (11)
Scrolls
 f - 2 scrolls of enchant weapon {unknown}
 i - a scroll of enchant armour {unknown}
Potions
 g - a potion of heal wounds {unknown}
 j - a potion of flight {unknown}


   Skills:
 + Level 3.6 Fighting
 + Level 4.0 Long Blades
 + Level 3.9 Armour
 + Level 1.4 Dodging
 + Level 0.3 Stealth
 + Level 3.3 Shields


You had 5 spell levels left.
You didn't know any spells.
Your spell library was empty.

Dungeon Overview and Level Annotations

Branches:
Dungeon (3/15)

Altars:


Innate Abilities, Weirdness & Mutations

You have sharp fingernails.
A weak demonic guardian rushes to your aid.
You sometimes gain power by taking damage.


Message History

The gnoll closely misses you.
The gnoll hits you from afar with a +0 halberd.
You closely miss the gnoll.
The gnoll is lightly wounded.
The gnoll hits you from afar with a +0 halberd!
The gnoll hits you but does no damage.
You hit the gnoll.
The gnoll is heavily wounded.
The gnoll hits you but does no damage.
The gnoll hits you from afar with a +0 halberd!
* * * LOW HITPOINT WARNING * * *
You closely miss the gnoll.
The gnoll is heavily wounded.
The gnoll barely misses you. The gnoll hits you but does no damage.
You hit the gnoll but do no damage.
The gnoll is heavily wounded.
The gnoll hits you with a +0 halberd.
* * * LOW HITPOINT WARNING * * *
The gnoll hits you from afar with a +0 halberd.
You die...

### #.# #.# #.#########
#.........# . #.#######.#
... #.# #.#
.....###########.#######.#
........ggg@5...........>#
#S##############.#########
#....# ########.#####
#........#...#
#............#
#........#...#
#........#...#
#.......##†..#


You could see 3 gnolls and a friendly shadow imp (summoned).

Vanquished Creatures
  Sigmund (D:2)
  Jessica (D:2)
  Terence (D:2)
  An iguana (D:2)
  6 adders
  A worm (D:2)
  3 dart slugs
  2 leopard geckos
  8 giant cockroaches
  7 goblins
  9 hobgoblins
  2 jackals (D:1)
  4 kobolds
  A ball python (D:1)
  9 bats
  5 frilled lizards
  7 rats
68 creatures vanquished.

Vanquished Creatures (collateral kills)
  A kobold (D:3)
1 creature vanquished.

Grand Total: 69 creatures vanquished

Notes
Turn   | Place    | Note
-------+----------+-------------------------------------------
     0 | D:1      | Peloso the Demonspawn Fighter began the quest for the Orb.
     0 | D:1      | Reached XP level 1. HP: 18/18 MP: 1/1
   103 | D:1      | Gained mutation: You sometimes gain a little power by
                  | taking damage. [demonic ancestry]
   103 | D:1      | Reached XP level 2. HP: 22/24 MP: 2/2
   299 | D:1      | Reached skill level 2 in Long Blades
   555 | D:1      | Gained mutation: A weak demonic guardian rushes to your
                  | aid. [demonic ancestry]
   555 | D:1      | Reached XP level 3. HP: 28/29 MP: 3/3
  1207 | D:2      | Noticed Sigmund
  1529 | D:2      | Killed Sigmund
  1529 | D:2      | Reached skill level 3 in Long Blades
  1529 | D:2      | Reached XP level 4. HP: 21/35 MP: 4/4
  1529 | D:2      | Gained mutation: You have sharp fingernails. [demonic
                  | ancestry]
  1529 | D:2      | Reached XP level 5. HP: 24/41 MP: 5/5
  1663 | D:2      | You fall into a shaft and drop 1 floor!
  1663 | D:3      | Noticed Jessica
  1688 | D:2      | Killed Jessica
  1688 | D:2      | Reached skill level 1 in Dodging
  2257 | D:2      | Noticed Terence
  2276 | D:2      | Killed Terence
  2360 | D:2      | Gained mutation: You sometimes gain power by taking damage.
                  | [demonic ancestry]
  2360 | D:2      | Reached XP level 6. HP: 38/47 MP: 6/6
  2940 | D:3      | Reached skill level 4 in Long Blades
  3055 | D:3      | Slain by a gnoll

Illustrated notes

Levels and vault maps discovered:
D:1:      wander_arrival_desolate, layout_basic, hangedman_decor_lopped,
          minmay_misc_feat_tower
D:2:      layout_loops_ring, uniq_sigmund, uniq_terence
D:3:      layout_basic, chequers_ecumenical_altar_simple, led_sif_pool,
          uniq_jessica

Skill      XL: |  1  2  3  4  5  6 |
---------------+-------------------+-----
Armour         | 3 |  3.9
Long Blades    | 2 3 4 |  4.0
Shields        | 3 |  3.3
Dodging        | 1 |  1.4
Fighting       | |  3.6
Stealth        | |  0.3

Action                   |  1- 3 |  4- 6 || total
-------------------------+-------+-------++-------
Melee: Long sword        |   100 |   125 ||   225
  Use: Potion            |     1 |       ||     1
Armor: Scale mail        |    59 |    54 ||   113
Dodge: Dodged            |    40 |    52 ||    92
Block: Kite shield       |    44 |    61 ||   105
       Rpst.: Long sword |    15 |    18 ||    33

Table legend: (Time is in decaauts)
 A = Elapsed time spent in this place.
 B = Non-inter-level travel time spent in this place.
 C = Inter-level travel time spent in this place.
 D = Time resting spent in this place.
 E = Time spent auto-exploring this place.
 F = Levels seen in this place.
 G = Mean time per level.
                   A        B        C        D        E       F      G
               +--------+--------+--------+--------+--------+-----+--------+
         Total |   3133 |   3073 |     60 |    212 |   2128 |   3 | 1044.3 |
       Dungeon |   3133 |   3073 |     60 |    212 |   2128 |   3 | 1044.3 |
               +--------+--------+--------+--------+--------+-----+--------+

Top non-repeatable levels by time:
     D:2: 1624 daAuts
     D:1: 1313 daAuts
     D:3: 196 daAuts
